 Dungeon Crawl Stone Soup version 0.20-a0-1116-gaa52201 (webtiles) character file.

31752 namelastname112 the Covert (level 13, -3/116 HPs)
             Began as a Green Draconian Assassin on May 7, 2017.
             Was the Champion of Wu Jian.
             Killed from afar by a deep elf mage (33 damage)
             ... with a bolt of lightning
             ... on level 13 of the Dungeon.
             The game lasted 00:33:41 (15449 turns).

namelastname112 the Covert (DrAs)                  Turns: 15449, Time: 00:33:42

Health: -3/116     AC: 14    Str: 15    XL:     13   Next: 27%
Magic:  13/13      EV: 17    Int: 16    God:    Wu Jian [******]
Gold:   696        SH:  0    Dex: 13    Spells: 9/12 levels left

rFire    + + .     SeeInvis .   q - +7 rapier "Rikar" {pierce, rF+ rC++ Int+4 Dex-3}
rCold    + + +     Gourm    .   (no shield)
rNeg     + . .     Faith    .   (armour unavailable)
rPois    +         Spirit   .   (helmet restricted)
rElec    .         Reflect  .   c - +0 cloak
rCorr    .         Harm     .   s - +1 pair of gloves
MR       .....     Rnd*Rage +   D - +2 pair of boots
Stlth    +++++.....             (no amulet)
Regen    0.0/turn               I - ring "Ogepnixt" {rPois rF+ rN+}
MPRegen  0.2/turn               u - ring of protection from cold

@: no status effects
A: breathe noxious fumes, unfitting armour, horns 1, talons 1, berserk 1, blink,
sense surroundings 1, poison resistance, inhibited regeneration, cold-blooded,
AC +8
a: Breathe Noxious Fumes, Blink, Serpent's Lash, Heavenly Storm, Renounce
Religion


You were on level 13 of the Dungeon.
You worshipped Wu Jian.
Wu Jian was exalted by your worship.
You were not hungry.

You visited 2 branches of the dungeon, and saw 14 of its levels.
You also visited: Labyrinth.

You collected 746 gold pieces.
You spent 50 gold pieces at shops.

Inventory:

Hand Weapons
 b - a +0 blowgun
 j - a +3 dagger of venom
 q - the +7 rapier "Rikar" (weapon) {pierce, rF+ rC++ Int+4 Dex-3}
   (You took it off a minotaur in a labyrinth)

   It inflicts extra damage upon your enemies.
   It affects your intelligence (+4).
   It affects your dexterity (-3).
   It protects you from fire.
   It greatly protects you from cold.
 Q - a +0 rapier of speed
Missiles
 d - 40 poisoned needles
 e - 2 curare-tipped needles
 T - 7 throwing nets (quivered)
Armour
 c - a +0 cloak (worn)
 s - a +1 pair of gloves (worn)
 D - a +2 pair of boots (worn)
 R - a +0 shield
Jewellery
 m - an uncursed ring of resist corrosion
 u - a ring of protection from cold (right hand)
 I - the ring "Ogepnixt" (left hand) {rPois rF+ rN+}
   (You found it in a labyrinth)

   [ring of poison resistance]

   It protects you from fire.
   It protects you from poison.
   It protects you from negative energy.
 W - an uncursed ring of magical power
Wands
 t - a wand of confusion (28/48)
 w - a wand of digging (17/24)
 A - a wand of random effects (28/48)
 B - a wand of digging (12/24)
 C - a wand of enslavement (17/24)
 L - a wand of random effects (21/48)
 P - a wand of enslavement (7/24)
 Y - a wand of disintegration (11/24)
 Z - a wand of confusion (2/48)
Scrolls
 a - 3 scrolls of fear
 i - 4 scrolls of teleportation
 n - 2 scrolls of enchant weapon
 o - 12 scrolls of identify
 v - 2 scrolls of amnesia
 x - 5 scrolls of remove curse
 y - 3 scrolls of blinking
 U - a scroll of recharging
Potions
 h - 3 potions of magic
 l - 2 potions of heal wounds
 r - a potion of ambrosia
 z - 3 potions of haste
 E - a potion of cancellation
 F - 3 potions of curing
 M - a potion of might
 V - a potion of resistance
Miscellaneous
 N - a lamp of fire
 O - a fan of gales
 S - a phantom mirror
Comestibles
 f - 10 bread rations
 g - 2 meat rations
 k - 13 royal jellies
 p - 8 fruits


   Skills:
 + Level 11.0 Fighting
 + Level 10.9 Short Blades
 - Level 3.3 Throwing
 + Level 9.5 Dodging
 + Level 13.9 Stealth
 + Level 2.6 Shields


You had 9 spell levels left.
You knew the following spells:

 Your Spells              Type           Power        Failure   Level  Hunger
a - Portal Projectile     Hex/Tloc       #.....       58%         3    ####...


Dungeon Overview and Level Annotations

Branches:
Dungeon (13/15)            Temple (1/1) D:5            Lair (0/6) D:10
    Orc (0/2) D:10         Vaults (0/5) D:13

Altars:
Ashenzari
Cheibriados
Dithmenos
Elyvilon
Fedhas
Gozag
Hepliaklqana
Kikubaaqudgha
Makhleb
Nemelex Xobeh
Okawaru
Qazlal
Ru
Sif Muna
Trog
Wu Jian
Xom
Yredelemnul
Zin
The Shining One

Shops:
D:7 *   D:8 =   D:10 %*

Annotations:
D:4 MydosGodOfBeginnings's ghost, novice DrTm
D:7 YrmMerkstave's ghost, novice DrTm
D:8 2 runed doors
D:9 Lochraine's ghost, journeyman KoAM


Innate Abilities, Weirdness & Mutations

You can breathe blasts of noxious fumes.
Your lurid green scales are hard. (AC +8)
You cannot fit into any form of body armour.
Your system is resistant to poisons. (rPois)
You are cold-blooded and may be slowed by cold attacks.
You have a pair of small horns on your head.
You have sharp toenails.
You tend to lose your temper in combat.
You can translocate small distances at will.
You passively map a small area around you.
You do not regenerate when monsters are visible.


Message History

The deep elf mage is severely wounded.
You completely miss the deep elf mage. You headbutt the deep elf mage.
The deep elf mage is almost dead.
The deep elf mage hits you but does no damage.
You closely miss the deep elf mage. You tail-slap the deep elf mage.
The deep elf mage is almost dead.
The deep elf mage casts a spell at you. The bolt of lightning hits you!
* * * LOW HITPOINT WARNING * * *
The bolt of lightning misses you.
You take 28 damage, and have 9/116 hp.
MASSIVE DAMAGE!!
You closely miss the deep elf mage.
The deep elf mage is almost dead.
The deep elf mage hits you with an enchanted dagger.
* * * LOW HITPOINT WARNING * * *
You take 1 damage, and have 8/116 hp.
You feel much better. The deep elf mage casts a spell at you.
The bolt of lightning misses you. The bolt of lightning hits you!
You die...

...' ...## * #.....e ,* *.....#
*##... .=...#*...##.#..
....##....#...C
*##..###....'...∩
#####..###.....# ..c ########
#..@e...##....##.#5. #......#
#.#####.##...# #... #......#
#...#.#.##..# ##' #......#
###.#.#.#)..## ##[. #......#
#.#(#...).#..####...
#......#####.#.#.#####...##....
#......'..##.#...# #.........
#......##†.'.###.#.# ###.......
#..(...#####.......# #.......


You could see a deep elf mage.

Vanquished Creatures
  Rupert (D:12)
  Snorg (D:12)
  A minotaur (Lab)
  3 vault guards (D:13)
  A hydra (D:13)
  2 centaur warriors
  5 two-headed ogres
  2 unseen horrors
  2 deep elf magi
  2 ugly things (D:12)
  A cyclops (D:13)
  2 centaur zombies
  A manticore (D:12)
  A gargoyle (D:12)
  7 trolls
  2 hippogriffs
  4 slime creatures (D:12)
  Sigmund (D:3)
  2 shadows (D:11)
  A vampire (D:11)
  Eustachio (D:6)
  22 yaks
  A basilisk (D:11)
  A steam dragon (D:12)
  A hungry ghost (D:8)
  Edmund (D:4)
  2 acid dragons
  2 soldier ants (D:8)
  3 water moccasins
  Duvessa (D:4)
  5 orc warriors
  A sky beast (D:6)
  4 black bears
  An eye of draining (D:11)
  4 ice beasts
  2 wolves (D:10)
  3 phantoms
  3 necrophages
  6 ogres
  12 centaurs
  2 crocodiles
  11 bullfrogs
  5 big kobolds
  Dowan (D:4)
  4 gnoll sergeants
  A water moccasin zombie (D:8)
  A water moccasin skeleton (D:6)
  4 scorpions
  A wyvern skeleton (D:12)
  9 killer bees
  12 wights
  3 electric eels (D:10)
  5 howler monkeys
  3 crimson imps
  4 gnoll shamans
  2 lava snakes
  A bullfrog zombie (D:7)
  A jelly (D:8)
  3 bullfrog skeletons
  5 orc priests
  2 centaur skeletons
  13 hounds
  17 orc wizards
  3 iguanas
  Ijyb (D:5)
  Natasha (thrice) (D:4)
  18 worker ants
  A hound zombie (D:5)
  A hound skeleton (D:4)
  A worker ant zombie (D:6)
  42 gnolls
  A howler monkey skeleton (D:11)
  9 adders
  3 shadow imps
  2 oozes (D:3)
  2 adder skeletons
  3 worms
  3 dart slugs
  8 leopard geckos
  61 orcs
  A ball python (D:3)
  5 giant cockroaches
  8 hobgoblins
  18 jackals
  34 kobolds
  4 quokkas
  8 bats
  4 frilled lizards
  9 goblins
  A jackal skeleton (D:5)
  2 leopard gecko skeletons
  2 leopard gecko zombies
  A quokka skeleton (D:8)
  A quokka zombie (D:5)
  7 rats
  A butterfly (D:5)
496 creatures vanquished.

Vanquished Creatures (others)
  A howler monkey (D:6)
  An iguana (D:6)
  A worker ant (D:6)
  A bat (D:3)
4 creatures vanquished.

Grand Total: 500 creatures vanquished

Notes
Turn   | Place    | Note
-------+----------+-------------------------------------------
     0 | D:1      | namelastname112 the Draconian Assassin began the quest for the Orb.
     0 | D:1      | Reached XP level 1. HP: 17/17 MP: 1/1
   229 | D:1      | Reached skill level 1 in Dodging
   248 | D:1      | Reached XP level 2. HP: 14/24 MP: 2/2
   853 | D:1      | Reached skill level 4 in Stealth
  1073 | D:2      | Reached XP level 3. HP: 22/30 MP: 3/3
  1429 | D:2      | Reached XP level 4. HP: 26/37 MP: 4/4
  2398 | D:4      | Noticed Natasha
  2398 | D:4      | Noticed MydosGodOfBeginnings's ghost (novice DrTm)
  2404 | D:3      | Noticed Sigmund
  2442 | D:3      | Reached XP level 5. HP: 20/44 MP: 5/5
  2477 | D:3      | Found a blossoming altar of Fedhas.
  2781 | D:3      | Killed Sigmund
  2781 | D:3      | Reached skill level 5 in Stealth
  2781 | D:3      | Reached XP level 6. HP: 29/51 MP: 6/6
  3197 | D:4      | Noticed Edmund
  3209 | D:4      | Killed Edmund
  3242 | D:4      | Your scales start taking on a lurid green colour.
  3242 | D:4      | Reached XP level 7. HP: 44/57 MP: 7/7
  3242 | D:4      | Gained mutation: Your system is resistant to poisons. (rPois) [Green Draconian growth]
  3251 | D:4      | Killed Natasha
  3335 | D:4      | Noticed Natasha
  3349 | D:4      | Killed Natasha
  3403 | D:4      | Noticed Natasha
  3411 | D:4      | Killed Natasha
  3493 | D:5      | Entered Level 5 of the Dungeon
  3553 | D:5      | Reached skill level 6 in Stealth
  3601 | D:5      | Reached skill level 5 in Short Blades
  3932 | D:5      | Found a staircase to the Ecumenical Temple.
  3945 | Temple   | Entered the Ecumenical Temple
  3951 | Temple   | Became a worshipper of the Wu Jian Council
  4110 | D:5      | Noticed Ijyb
  4127 | D:5      | Killed Ijyb
  4145 | D:5      | Reached XP level 8. HP: 55/67 MP: 8/8
  4725 | D:4      | Noticed Duvessa
  4725 | D:4      | Noticed Dowan
  4743 | D:4      | Killed Duvessa
  4759 | D:4      | Killed Dowan
  4958 | D:6      | Reached skill level 5 in Fighting
  4963 | D:6      | Reached skill level 7 in Stealth
  4988 | D:6      | Found a shimmering altar of Xom.
  5027 | D:6      | Reached * piety under Wu Jian
  5099 | D:6      | Noticed Eustachio
  5140 | D:6      | Killed Eustachio
  5209 | D:6      | Reached XP level 9. HP: 59/74 MP: 9/9
  5301 | D:6      | Reached skill level 8 in Stealth
  5666 | D:6      | Gained mutation: You are clumsy. (Dex -2) [mutagenic meat]
  5667 | D:6      | Gained mutation: Your tail ends in a poisonous barb. [mutagenic meat]
  5766 | D:7      | Found Susoip's Assorted Antiques.
  5788 | D:7      | Reached skill level 5 in Dodging
  5885 | D:7      | Noticed YrmMerkstave's ghost (novice DrTm)
  5956 | D:7      | Bought a scroll labeled WOXZUO DONKINT for 18 gold pieces
  5956 | D:7      | Bought a viscous coppery potion for 16 gold pieces
  5956 | D:7      | Bought an emerald potion for 16 gold pieces
  6093 | D:7      | Reached ** piety under Wu Jian
  6484 | D:7      | Found an opulent altar of Gozag.
  6576 | D:7      | Reached skill level 9 in Stealth
  6852 | D:8      | Found a large runed door.
  6853 | D:8      | Found a large runed door.
  6880 | D:8      | Noticed a centaur warrior
  6881 | D:8      | Found a large runed door.
  6881 | D:8      | Found a large runed door.
  6892 | D:8      | Killed a centaur warrior
  6892 | D:8      | Reached XP level 10. HP: 71/84 MP: 10/10
  7065 | D:8      | Reached *** piety under Wu Jian
  7094 | D:8      | Reached skill level 10 in Stealth
  7308 | D:8      | Found a glowing silver altar of Zin.
  7308 | D:8      | Found a sparkling altar of Nemelex Xobeh.
  7460 | D:8      | Found Siedaf's Jewellery Boutique.
  7461 | D:8      | Noticed a two-headed ogre
  7468 | D:8      | Killed a two-headed ogre
  7741 | D:8      | Noticed a two-headed ogre
  7752 | D:8      | Killed a two-headed ogre
  8815 | D:9      | Reached XP level 11. HP: 80/94 MP: 11/11
  9063 | D:9      | Found a glowing golden altar of the Shining One.
  9123 | D:9      | Found a snail-covered altar of Cheibriados.
  9128 | D:9      | Found a deep blue altar of Sif Muna.
  9155 | D:9      | Noticed a two-headed ogre
  9156 | D:9      | Reached skill level 11 in Stealth
  9167 | D:9      | Killed a two-headed ogre
  9281 | D:9      | Reached **** piety under Wu Jian
  9796 | D:9      | Noticed Lochraine's ghost (journeyman KoAM)
  9865 | D:10     | Entered Level 10 of the Dungeon
  9934 | D:10     | Reached ***** piety under Wu Jian
 10479 | D:10     | Found a staircase to the Lair.
 10903 | D:10     | Noticed a two-headed ogre
 10918 | D:10     | Killed a two-headed ogre
 10934 | D:10     | Found a staircase to the Orcish Mines.
 10996 | D:10     | Found Bohyol's Demolitions Depot.
 11008 | D:10     | Reached skill level 12 in Stealth
 11265 | D:10     | Found Wuydapueg's Food Shop.
 11418 | D:10     | Lost mutation: You are clumsy. (Dex -2) [potion of mutation]
 11418 | D:10     | Lost mutation: Your tail ends in a poisonous barb. [potion of mutation]
 11418 | D:10     | Gained mutation: You have sharp toenails. [potion of mutation]
 11418 | D:10     | Gained mutation: You passively map a small area around you. [potion of mutation]
 11418 | D:10     | Gained mutation: You have a pair of small horns on your head. [potion of mutation]
 11663 | D:11     | Found a labyrinth entrance.
 11695 | Lab      | Entered a labyrinth
 11796 | Lab      | Noticed a minotaur
 11816 | Lab      | Killed a minotaur
 11819 | Lab      | Got a warped rapier {pierce}
 11820 | Lab      | Identified the +7 rapier "Rikar" {pierce, rF+ rC++ Int+4 Dex-3} (You took it off a minotaur in a labyrinth)
 11840 | Lab      | Got a fine amber ring
 11842 | Lab      | Identified the ring "Ogepnixt" {rPois rF+ rN+} (You found it in a labyrinth)
 12210 | D:11     | Reached XP level 12. HP: 39/103 MP: 12/12
 13087 | D:11     | Noticed a two-headed ogre
 13094 | D:11     | Killed a two-headed ogre
 13094 | D:11     | Reached skill level 10 in Short Blades
 13625 | D:11     | Noticed a centaur warrior
 13647 | D:11     | Killed a centaur warrior
 13647 | D:11     | Reached skill level 13 in Stealth
 13959 | D:12     | Reached ****** piety under Wu Jian
 13994 | D:12     | Learned a level 3 spell: Portal Projectile
 14009 | D:12     | Noticed Snorg
 14038 | D:12     | Reached skill level 10 in Fighting
 14042 | D:12     | Killed Snorg
 14587 | D:12     | Noticed Rupert
 14609 | D:12     | Killed Rupert
 14770 | D:12     | Reached skill level 1 in Shields
 14785 | D:12     | Reached XP level 13. HP: 47/114 MP: 13/13
 15146 | D:12     | Gained mutation: You tend to lose your temper in combat. [mutagenic meat]
 15147 | D:12     | Gained mutation: You can translocate small distances at will. [mutagenic meat]
 15148 | D:12     | Gained mutation: You do not regenerate when monsters are visible. [mutagenic meat]
 15372 | D:13     | Found a gate to the Vaults.
 15449 | D:13     | Killed from afar by a deep elf mage

Vault maps used:
D:1:      dpeg_arrival_circle_labyrinth_c, minmay_heptomino_l4
D:2:      corexii_hall_statues_l, patterned_corridor
D:3:      first_bread, fedhas_altar_3, uniq_sigmund
D:4:      uniq_duvessa, uniq_edmund, uniq_natasha
D:5:      minmay_temple_entry_butterflies, uniq_ijyb
D:6:      xom_confusion_cloud, uniq_eustachio
D:7:      cheibrodos_barr_body, nicolae_gozag_seed_capital, serial_shops, shop,
          kennysheep_dice
D:8:      amethyst_overflow_temple_binary, serial_shops, shop,
          hangedman_pestilent_swarm, minmay_hollow_rounded_squares
D:9:      minmay_overflow_temple_star_quad, serial_gnoll_camp,
          gnoll_camp_medium_02, gnoll_camp_mini_house, gnoll_camp_mini_sergeant,
          gnoll_camp_huts_basic, gnoll_camp_mini_hut, gnoll_camp_mini_hut
D:10:     erik_lair_island, orc_0_dummy, serial_shops, kennysheep_little_box,
          hangedman_abyss_or_decor_stabs, nicolae_blasting_shop
D:11:     serial_column_ruins, column_ruins_square_medium,
          column_ruins_open_small, column_ruins_columns_dead_end,
          column_ruins_open_tiny, column_ruins_columns_dead_end,
          column_ruins_open_tiny, lab_entry_generic,
          kennysheep_opposing_triangles
D:12:     uniq_rupert, uniq_snorg
D:13:     lightli_vaults_fourway_checkpoint, serial_shops, nicolae_shop_crystal,
          basic_altar
Temple:   nicolae_temple_x_marks_the_god
Lab:      labyrinth_spiral

Skill      XL: |  1  2  3  4  5  6  7  8  9 10 11 12 13 |
---------------+----------------------------------------+-----
Dodging        | 1 2 3 4 5 6 8 9 |  9.5
Stealth        | 4 5 6 7 9 10 12 13 | 13.9
Throwing       | 2 3 |  3.3
Short Blades   | 3 4 5 7 8 9 10 | 10.9
Fighting       | 3 4 5 6 8 9 10 11 | 11.0
Shields        | 1 2 |  2.6

Action                   |  1- 3 |  4- 6 |  7- 9 | 10-12 | 13-15 || total
-------------------------+-------+-------+-------+-------+-------++-------
Melee: Dagger            |    88 |   194 |   598 |   830 |       ||  1710
       Tailslap          |    11 |    25 |   100 |   154 |     7 ||   297
       Rapier            |       |       |       |   325 |    78 ||   403
       Headbutt          |       |       |       |    76 |    14 ||    90
 Fire: Blowgun           |     6 |       |       |       |       ||     6
 Abil: Breathe Noxious F |       |       |     7 |    24 |     2 ||    33
Evoke: Wand              |       |     1 |       |     1 |       ||     2
  Use: Potion            |       |     2 |       |     3 |     1 ||     6
       Scroll            |       |       |       |    23 |     1 ||    24
 Stab: Sleeping          |     6 |    10 |    14 |    30 |     8 ||    68
       Confused          |       |       |     5 |    20 |     5 ||    30
       Distracted        |       |       |       |     5 |     1 ||     6
  Eat: Chunk             |     2 |     3 |    15 |    15 |     5 ||    40
       Royal jelly       |       |     1 |       |     1 |       ||     2
       Meat ration       |       |       |       |     3 |     1 ||     4
       Fruit             |       |       |       |     1 |       ||     1
Armor: Skin              |    22 |   115 |   192 |   251 |     8 ||   588
Dodge: Dodged            |    62 |   189 |   357 |   678 |    22 ||  1308
